 Dungeon Crawl Stone Soup version 0.28.0-45-g0d030f2227 (webtiles) character file.

Game seed: 15833795576406984828

60 McKennaii the Chiller (level 3, 0/19 HPs)
             Began as a Deep Elf Ice Elementalist on Apr 17, 2022.
             Succumbed to an adder's poison
             ... on level 2 of the Dungeon.
             The game lasted 00:03:04 (1603 turns).

McKennaii the Chiller (Deep Elf Ice Elementalist)   Turns: 1603, Time: 00:03:04

Health: 0/19       AC:  2    Str:  5    XL:     3   Next: 80%
Magic:  4/10       EV: 13    Int: 21    God:
Gold:   26         SH:  0    Dex: 15    Spells: 8/9 levels left

rFire   . . .      SeeInvis .   (no weapon)
rCold   + . .      Faith    .   (no shield)
rNeg    . . .      Spirit   .   a - +0 robe
rPois   .          Reflect  .   (no helmet)
rElec   .          Harm     .   (no cloak)
rCorr   .          Rampage  .   (no gloves)
Will    .....                   (no boots)
Stlth   ++........              (no amulet)
HPRegen 0.06/turn               e - ring of protection from cold
MPRegen 0.12/turn               (no ring)

@: lethally poisoned (0 -> -6)
A: no striking features
a: no special abilities


You were on level 2 of the Dungeon.
You visited 1 branch of the dungeon, and saw 2 of its levels.

You collected 26 gold pieces.

Inventory:

Armour
 a - a +0 robe (worn)
Jewellery
 e - a ring of protection from cold (left hand)
Scrolls
 b - a scroll of identify {unknown}
 c - a scroll of teleportation {unknown}
 g - a scroll of amnesia {unknown}
Potions
 d - 2 potions of flight


   Skills:
 + Level 3.3 Dodging
 + Level 3.5 Stealth
 + Level 3.7 Spellcasting
 + Level 4.8 Ice Magic


You had 8 spell levels left.
You knew the following spells:

 Your Spells              Type           Power      Damage    Failure   Level
a - Freeze                Ice            96%        1d11      1%          1

Your spell library contained the following spells:

 Spells                   Type           Power      Damage    Failure   Level
 Frozen Ramparts          Ice            48%        1d6       4%          3
 Ozocubu's Armour         Ice            24%        N/A       4%          3
 Animate Skeleton         Necr           6%         N/A       12%         1
 Pain                     Necr           12%        1d4       12%         1
 Vampiric Draining        Necr           3%         2d6       36%         3
 Hailstorm                Conj/Ice       14%        3d5       41%         4


Dungeon Overview and Level Annotations

Branches:
Dungeon (2/15)

Altars:

Shops:
D:1 ?


Message History

You freeze the adder.
The adder is heavily wounded.
The adder seems to slow down.
You feel sick.
An adder is nearby!
You are too injured to fight recklessly!
You are too injured to fight recklessly!
An adder is nearby!
You are too injured to fight recklessly!
You are too injured to fight recklessly!
Casting: Freeze (safe; 1% risk of failure)
Confirm with . or Enter, or press ? or * to list all spells.
Aiming: Freeze (safe; 1% risk of failure)
Press: ? - help, Shift-Dir - straight line, f/p - adder
Aim: an adder (heavily wounded, slow)
You freeze the adder.
The adder is almost dead.
The adder seems to slow down.
You feel sick. The adder bites you.
* * * LOW HITPOINT WARNING * * *
You are lethally poisoned!
The adder poisons you!
Casting: Freeze (safe; 1% risk of failure)
Confirm with . or Enter, or press ? or * to list all spells.
Aiming: Freeze (safe; 1% risk of failure)
Press: ? - help, Shift-Dir - straight line, f/p - adder
Aim: an adder (almost dead, slow)
You freeze the adder!
You kill the adder!
* * * LOW HITPOINT WARNING * * *
You feel sick.
It was a potion of flight.
You feel very buoyant.
You fly up into the air.
* * * LOW HITPOINT WARNING * * *
You feel sick.
It was a potion of cancellation.
Your magical effects are unravelling.
You feel magically purged.
Your magical contamination has completely faded away.
You float gracefully downwards.
You die...

#.##..........#
#.##.########.# #..#.#
#.# ##.#.# #.# .########
#...# #.# ........#
##.)# #.# ........# #..#
#.# ......†.####..###
#.#
...<...@+.......######.#
..(..$..####.>.........#
#.............#.########
#.###########.#.# #
#.#.# #.#.# #.#.. #.###
#.#


There were no monsters in sight!

Vanquished Creatures
  A gnoll (D:1)
  An adder (D:2)
  4 ball pythons
  2 bats (D:1)
  3 endoplasms (D:1)
  A giant cockroach (D:2)
  8 goblins
  3 hobgoblins
  2 jackals (D:1)
  2 quokkas (D:1)
  5 frilled lizards
  3 kobolds (D:1)
  A rat (D:2)
36 creatures vanquished.

Notes
Turn   | Place    | Note
-------+----------+-------------------------------------------
     0 | D:1      | McKennaii the Deep Elf Ice Elementalist began the quest for
                  | the Orb.
     0 | D:1      | Reached XP level 1. HP: 10/10 MP: 6/6
   197 | D:1      | Reached XP level 2. HP: 14/15 MP: 5/8
   354 | D:1      | Found Oxedaow's Magic Scroll Boutique.
   561 | D:1      | Reached XP level 3. HP: 17/19 MP: 7/10
  1603 | D:2      | Succumbed to an adder's poison

Illustrated notes

Levels and vault maps discovered:
D:1:      pf_arrival_petrified_forest, layout_loops_ring, serial_forest,
          infiniplex_forest_clump_small, infiniplex_forest_3_way,
          infiniplex_forest_straight_2, infiniplex_forest_straight_1,
          infiniplex_forest_straight_2, infiniplex_forest_lined_room_2,
          infiniplex_forest_fountain, serial_shops, nicolae_shop_stone
D:2:      layout_basic, shapermc_ecumenical_altar_mp_vishouse,
          grunt_decor_mini_mirrors, uniq_terence

Skill      XL: |  1  2 |
---------------+-------+-----
Dodging        | 3 |  3.3
Stealth        | 3 |  3.5
Spellcasting   | |  3.7
Ice Magic      | |  4.8

Action                   || total
-------------------------++-------
Melee: Unarmed           ||    11
 Cast: Freeze            ||    62
  Use: Potion            ||     2
Armor: Robe              ||     8
Dodge: Dodged            ||    41
